 Dungeon Crawl Stone Soup version 0.27-a0-1308-gc08437e49b (webtiles) character file.

Game seed: 7202119767215291384

96 epicjoe the Chopper (level 4, -2/41 HPs)
             Began as a Minotaur Berserker on June 18, 2021.
             Was a Believer of Trog.
             Slain by Grinder (8 damage)
             ... while paralysed by Grinder
             ... on level 3 of the Dungeon.
             The game lasted 00:11:27 (2115 turns).

epicjoe the Chopper (Minotaur Berserker)            Turns: 2115, Time: 00:11:28

Health: -2/41      AC:  3    Str: 22    XL:     4   Next: 41%
Magic:  3/3        EV:  2    Int:  4    God:    Trog [**....]
Gold:   89         SH:  0    Dex: 10    Spells: 3/3 levels left

rFire    . . .     SeeInvis .   a - +0 hand axe
rCold    . . .     Faith    .   (no shield)
rNeg     . . .     Spirit   .   b - +0 animal skin
rPois    .         Reflect  .   (helmet restricted)
rElec    .         Harm     .   (no cloak)
rCorr    .         Rampage  .   (no gloves)
Will     .....                  n - +0 pair of boots
Stlth    +.........             (no amulet)
HPRegen  0.13/turn              (no ring)
MPRegen  0.08/turn              (no ring)

@: paralysed
A: horns 2, retaliatory headbutt
a: Renounce Religion, Berserk, Trog's Hand


You were on level 3 of the Dungeon.
You worshipped Trog.
Trog was pleased with you.
You visited 1 branch of the dungeon, and saw 3 of its levels.

You collected 89 gold pieces.

Inventory:

Hand Weapons
 a - a +0 hand axe (weapon)
Missiles
 d - 24 bolts
 h - 8 atropa-tipped darts
 i - 22 arrows
Armour
 b - a +0 animal skin (worn)
 n - a +0 pair of boots (worn)
Scrolls
 c - a scroll of identify {unknown}
 g - a scroll of amnesia {unknown}
 l - a scroll of immolation {unknown}
Potions
 e - a potion of magic {unknown}
 f - a potion of might {unknown}
 j - a potion of heal wounds {unknown}
 k - a potion of degeneration {unknown}
 m - a potion of mutation {unknown}


   Skills:
 + Level 4.5 Fighting
 + Level 5.0 Axes
 + Level 2.8 Armour
 + Level 2.9 Dodging


You had 3 spell levels left.
You didn't know any spells.
Your spell library was empty.

Dungeon Overview and Level Annotations

Branches:
Dungeon (3/15)

Altars:

Shops:
D:1 (

Annotations:
D:3 Grinder


Innate Abilities, Weirdness & Mutations

You have a pair of horns on your head.
You reflexively headbutt those who attack you in melee.


Message History

Done exploring.
Things that are here:
a +0 dagger; a jackal skeleton
There is a stone staircase leading up here.
There is a stone staircase leading down here.
You climb downwards.
There is a stone staircase leading up here.
Found 10 gold pieces.
You now have 89 gold pieces (gained 10).
Grinder comes into view.
Grinder shouts!
You closely miss Grinder. Your headbutt misses Grinder. Grinder misses you.
You barely miss Grinder.
Grinder says, "I used to sell toenails on the black market."
Grinder blinks!
You closely miss Grinder. You headbutt Grinder!
Grinder is moderately wounded.
Grinder hits you but does no damage.
You closely miss Grinder. You headbutt Grinder, but do no damage.
Grinder is lightly wounded.
Grinder gestures at you. Pain shoots through your body! Grinder hits you.
You barely miss Grinder.
Grinder is lightly wounded.
Grinder gestures at you. Pain shoots through your body!
You hit Grinder.
Grinder is moderately wounded.
Grinder gestures at you.
You suddenly lose the ability to move!
Grinder hits you.
* * * LOW HITPOINT WARNING * * *
You writhe in agony.
* * * LOW HITPOINT WARNING * * *
Grinder hits you.
* * * LOW HITPOINT WARNING * * *
You writhe in agony.
* * * LOW HITPOINT WARNING * * *
Grinder hits you!
You die...

#.# #.# #.#
#.# #.# ## #.#
#.#
.##########.#
#.#
............#
#.#
###########.#
##.#
........#.##5#
#######.#.##@#
..........##.#
#######.####.#
#......#
########


You could see Grinder.

Vanquished Creatures
  An adder (D:3)
  A gnoll (D:1)
  2 worms (D:2)
  A dart slug (D:1)
  5 endoplasms
  2 giant cockroaches
  5 goblins
  3 hobgoblins
  8 jackals
  3 quokkas
  5 ball pythons
  13 bats
  4 frilled lizards
  4 kobolds
  7 rats
64 creatures vanquished.

Vanquished Creatures (others)
  2 plants (D:1)
2 creatures vanquished.

Grand Total: 66 creatures vanquished

Notes
Turn   | Place    | Note
-------+----------+-------------------------------------------
     0 | D:1      | epicjoe the Minotaur Berserker began the quest for the Orb.
     0 | D:1      | Reached XP level 1. HP: 19/19 MP: 0/0
    49 | D:1      | Reached skill level 4 in Axes
    49 | D:1      | Reached XP level 2. HP: 27/27 MP: 1/1
   485 | D:1      | Found Faoleaq's Antique Weapon Boutique.
   540 | D:1      | Reached XP level 3. HP: 25/33 MP: 2/2
   888 | D:2      | Reached ** piety under Trog
  1240 | D:2      | Reached XP level 4. HP: 38/41 MP: 3/3
  1800 | D:2      | Reached skill level 5 in Axes
  2102 | D:3      | Noticed Grinder
  2112 | D:3      | Paralysed by Grinder for 4 turns
  2115 | D:3      | Slain by Grinder

Illustrated notes

Levels and vault maps discovered:
D:1:      sevenhm_arrival_forest_fort_small_3, layout_rooms, serial_shops, shop,
          serial_forest, infiniplex_forest_lined_room_,
          infiniplex_forest_lined_2, infiniplex_forest_lined_1,
          infiniplex_forest_clump_diagonal, infiniplex_forest_lined_3_way,
          infiniplex_forest_clump_double, infiniplex_forest_zigzag_1
D:2:      layout_loops_ring
D:3:      layout_loops_ring, serial_shops, nicolae_shop_crystal, uniq_ijyb,
          uniq_grinder

Skill      XL: |  1  2  3  4 |
---------------+-------------+-----
Axes           | 4 5 |  5.0
Fighting       | 4 |  4.5
Armour         | |  2.8
Dodging        | |  2.9

Action                   |  1- 3 |  4- 6 || total
-------------------------+-------+-------++-------
Melee: Hand axe          |    84 |    29 ||   113
       Headbutt          |    11 |     7 ||    18
Invok: Berserk           |     1 |       ||     1
  Use: Potion            |       |     1 ||     1
Armor: Animal skin       |    29 |     6 ||    35
Dodge: Dodged            |    74 |    11 ||    85

Table legend: (Time is in decaauts)
 A = Elapsed time spent in this place.
 B = Non-inter-level travel time spent in this place.
 C = Inter-level travel time spent in this place.
 D = Time resting spent in this place.
 E = Time spent auto-exploring this place.
 F = Levels seen in this place.
 G = Mean time per level.
                   A        B        C        D        E       F      G
               +--------+--------+--------+--------+--------+-----+--------+
         Total |   2142 |   1369 |    773 |    857 |    159 |   3 |  714.0 |
       Dungeon |   2142 |   1369 |    773 |    857 |    159 |   3 |  714.0 |
               +--------+--------+--------+--------+--------+-----+--------+

Top non-repeatable levels by time:
     D:2: 1155 daAuts
     D:1: 905 daAuts
     D:3: 81 daAuts
